[Event "Late-Titled-Tuesday-Blitz-April-30-2024"]
[Site "Chess.com"]
[Date "2024.04.30"]
[Round "8"]
[White "jactorres"]
[Black "ChEsper99"]
[Result "0-1"]
[WhiteElo "2405"]
[BlackElo "2256"]
[TimeControl "180+1"]
[EndTime "15:29:08 PDT"]
[Termination "ChEsper99 won by resignation"]

1. e4 e6 2. d4 d5 3. Nd2 c5 4. exd5 Qxd5 5. Ngf3 cxd4 6. Bc4 Qd8 7.
O-O Nf6 8. Nb3 Nc6 9. Nbxd4 Nxd4 10. Qxd4 Qxd4 11. Nxd4 Bc5 12. Nb3 Bb6 13. a4 a6 14.
a5 Ba7 15. Be2 Bd7 16. Bf3 O-O-O 17. Rd1 e5 18. Bg5 Be6 19. Rxd8+ Rxd8 20. Rd1 Rxd1+ 21.
Bxd1 Bxf2+ 22. Kxf2 Ne4+ 23. Ke3 Nxg5 24. h4 Bxb3 25.
cxb3 Ne6 26. Ke4 Kc7 27. Kxe5 Nd8 28. Bh5 Nc6+ 29. Kd5 g6 30. Bd1 Kd7 31. Kc5 Kc7 32. b4 Ne5 33. Kd4 Nc6+ 34. Kc5 Na7 35. Kd5 Nc6 36.
Bb3 Kd7 37. Kc5 Na7 38. Kb6 Kc8 39. Bxf7 Nc6 40. Be6+ Kb8 41. Bg8 h6 42. Bh7 g5 43.
Bc2 Nxb4 44. Bb3 gxh4 45. Kc5 Nd3+ 46. Kd4 Nf4 47. Bd5 Nxd5 48. Kxd5 Kc7 49. Ke4 Kc6 50. Kd4 Kb5 51. Kc3 Kxa5 52. b4+ Kb5 53. Kb3 b6 54. Ka3 a5 55. bxa5 bxa5 56. Ka2 Kc4 57. Ka3 Kd4 58. Ka4 Ke4 59. Kxa5 Kf4 60. Kb4 Kg3 61. Kc3 Kxg2 62. Kd2 h3 63. Ke3 h2 0-1

[Event "Late-Titled-Tuesday-Blitz-April-30-2024"]
[Site "Chess.com"]
[Date "2024.04.30"]
[Round "8"]
[White "penguingm1"]
[Black "super_emi_26"]
[Result "1-0"]
[WhiteElo "2880"]
[BlackElo "2774"]
[TimeControl "180+1"]
[EndTime "15:29:11 PDT"]
[Termination "penguingm1 won by resignation"]

1. d4 g6 2. c4 Bg7 3. Nc3 d6 4. e4 b6 5. Nge2 Bb7 6. Ng3 e6 7. Be2 Ne7 8. Be3 Nd7 9. Qd2 Nc6 10. d5 Ne7 11. h4 h6 12. f4 e5 13. f5 Nf6 14.
fxg6 fxg6 15. h5 g5 16. O-O-O Qd7 17. Rhf1 O-O-O 18. a4 Rdf8 19. a5 Kb8 20. Nb5 Ne8 21. Qb4 Rxf1 22. Rxf1 Rf8 23. Rh1 c5 24. Qa3 a6 25. Nc3 bxa5 26. Qxa5 Qc7 27. Qa3 Rf4 28. b4 cxb4 29. Qxb4 Nc8 30. Kd2 Nf6 31. Rb1 Ka8 32.
Qa3 Nd7 33. Nf5 Rxf5 34. exf5 Nc5 35. Bxc5 dxc5 36. Ne4 Nd6 37. Nxd6 Qxd6 38. Qb2 Qc7 39. g4 e4 40. f6 Bf8 41. Kd1 Bd6 42. Qb6 Kb8 43. f7 Kc8 44. Qa7 Qxf7 45. Qb6 Qc7 46. Qb2 Qe7 47. Qh8+ Qf8 48. Qh7 Bc7 49. Qxe4 a5 50.
Kc2 a4 51. Rf1 Qd6 52. Rf7 Kb8 53. Qe6 Qg3 54. Qe8+ Ka7 55. Qxa4+ Kb8 56. Rf8+ Bc8 57. Qe8 Ka7 58. Qxc8 Bd8 59. Qd7+ Bc7 60. Qa4+ Kb6 61. Rf6+ Bd6 62. Qb5+ Ka7 63. Rf7+ Bc7 64. Qxc5+ Ka6 65. Qb5+ Ka7 66. c5 Qe5 67. Qa6+ Kb8 68. Rf8+ 1-0

[Event "Late-Titled-Tuesday-Blitz-April-30-2024"]
[Site "Chess.com"]
[Date "2024.04.30"]
[Round "8"]
[White "RandomNoob04"]
[Black "Binary010"]
[Result "1-0"]
[WhiteElo "2746"]
[BlackElo "2900"]
[TimeControl "180+1"]
[EndTime "15:29:18 PDT"]
[Termination "RandomNoob04 won on time"]

1. e4 c5 2. d4 cxd4 3. c3 dxc3 4. Nxc3 Nc6 5. Nf3 e6 6. Bc4 Bb4 7. O-O Nge7 8. Qe2 Ng6 9. Rd1 O-O 10. Bg5 Be7 11.
Bxe7 Qxe7 12. Nb5 d5 13. exd5 exd5 14. Qxe7 Ngxe7 15. Nc7 Rb8 16. Nxd5 Nxd5 17. Bxd5 Bg4 18. h3 Bh5 19. a3 Rfc8 20. Rac1 Kf8 21. Rc5 Nd8 22. Rdc1 Rxc5 23. Rxc5 Ke7 24. Bxb7 Rxb7 25. Rxh5 Rxb2 26. Ra5 Nc6 27. Ra6 Rb6 28. Ra4 Kd6 29. Nd4 Nxd4 30. Rxd4+ Kc6 31. Rc4+ Kd6 32. Rd4+ Kc6 33. Rc4+ Kb7 34. Re4 Re6 35. Rd4 Kc6 36. Ra4 Kb6 37. Rd4 a5 38. Rd7 Rf6 39. Rd5 Rf4 40. Kf1 Ra4 41. Rd7 Rxa3 42. Rxf7 a4 43. Rxg7 Rb3 44. Rg8 Kb7 45. Rg7+ Kb6 46. Rg8 Kc5 47.
Ra8 a3 48. Ke2 Kb4 49. f4 Rc3 50. f5 Kb3 51. g4 a2 52. f6 Rc7 53. Ke3 Rf7 54. g5 Kb2 55. Kf4 Rb7 56. Rxa2+ Kxa2 57. h4 Kb3 58. h5 Kc4 59. Ke5 Rb5+ 60. Ke6 Rb6+ 61. Kf7 Rb7+ 62. Kg8 Rb5 63. g6 hxg6 64. hxg6 Rb8+ 65. Kg7 Kd5 66. f7 Rb7 67. Kg8 Rb6 68. g7 1-0

[Event "Late-Titled-Tuesday-Blitz-April-30-2024"]
[Site "Chess.com"]
[Date "2024.04.30"]
[Round "8"]
[White "Payyappat"]
[Black "samidescalona2002"]
[Result "1-0"]
[WhiteElo "2510"]
[BlackElo "2756"]
[TimeControl "180+1"]
[EndTime "15:29:23 PDT"]
[Termination "Payyappat won on time"]

1. e4 c5 2. Nf3 d6 3. d4 cxd4 4.
Nxd4 Nf6 5. Nc3 Nc6 6. Bg5 Bd7 7. f4 Qb6 8. Nxc6 Bxc6 9. Qd3 h6 10. Bxf6 gxf6 11. Be2 h5 12. Bf3 e6 13. O-O-O O-O-O 14.
Kb1 a6 15. Rd2 Bh6 16. g3 h4 17. Rhd1 hxg3 18. hxg3 Bf8 19. Qc4 Kb8 20. Na4 Qb5 21. Qxb5 Bxb5 22. Nc3 Bc6 23. Ne2 Be7 24. Nd4 Bd7 25.
Nb3 Bc8 26. Rd3 Rdg8 27. g4 Rh4 28. Na5 Rd8 29. Nc4 Kc7 30. b3 b5 31. Ne3 Rh3 32.
Bg2 Rh2 33. R3d2 Bb7 34. c4 b4 35. Kb2 Rg8 36. Bf3 Rxd2+ 37. Rxd2 Bf8 38. Nc2 Bh6 39. Nxb4 Bxf4 40. Rd3 Be5+ 41. Ka3 Rh8 42. Ka4 Kb6 43. Nc2 a5 44. Na3 Bc6+ 45. Nb5 Kc5 46. a3 Kb6 47. b4 axb4 48. Kxb4 Ra8 49. Nxd6 Ra4+ 50. Kb3 Ra8 51. Nxf7 Bf4 52. Nd6 Kc5 53. Nf7 Bc7 54. g5 Rb8+ 55. Kc3 fxg5 56. Nxg5 Ba5+ 57. Kc2 Ba4+ 58. Kc1 Rg8 59. Nxe6+ Kxc4 60. Be2 Rg1+ 61. Rd1+ Kb3 62. Rxg1 Kxa3 63. Rg3+ Kb4 64.
Nd4 Bc7 65. Rg4 Be5 66. Nc2+ Kc3 67. Rh4 Bd6 68. Rh3+ 1-0

[Event "Late-Titled-Tuesday-Blitz-April-30-2024"]
[Site "Chess.com"]
[Date "2024.04.30"]
[Round "8"]
[White "IMRosen"]
[Black "Sjakkerntobi"]
[Result "0-1"]
[WhiteElo "2678"]
[BlackElo "2537"]
[TimeControl "180+1"]
[EndTime "15:29:30 PDT"]
[Termination "Sjakkerntobi won by checkmate"]

1. c4 c5 2. Nf3 g6 3. e3 Bg7 4. d4 Nf6 5. d5 e6 6. Nc3 exd5 7. cxd5 d6 8. h3 O-O 9. a4 Nbd7 10. Be2 Re8 11. O-O a6 12. Nd2 Rb8 13. Nc4 Ne5 14. a5 Nxc4 15. Bxc4 Nd7 16. e4 Qh4 17. Re1 Be5 18. Bf1 b5 19. axb6 Rxb6 20. g3 Qf6 21. Qc2 Bd4 22. Be3 Ne5 23. Re2 Rxb2 24.
Qxb2 Nf3+ 25. Kg2 Bxc3 26. e5 Bxe5 27. Bh6 g5 28. Qb3 Bxh3+ 29. Kxh3 Ng1+ 30. Kg2 Nxe2 31. Rxa6 Qxh6 32. Bxe2 Qf6 33. Qa4 Rf8 34. Bf3 Bd4 35. Qc2 Qg6 36. Be4 f5 37. Bd3 Qf6 38. Rc6 Re8 39. Rc7 Re7 40. Rc8+ Kg7 41. Bxf5 Rf7 42.
g4 Qe5 43. Qe4 Qxe4+ 44. Bxe4 Rxf2+ 45. Kg3 Rf4 46. Rc7+ Kf6 47. Bxh7 Be5 48. Kh3 Rd4 49. Bg8 Bf4 50. Be6 Rd2 51. Rf7+ Ke5 52. Rf5+ Kd4 53. Rxf4+ gxf4 54. g5 Ke5 55. Kg4 f3 56. Kxf3 Rd4 57. g6 Kf6 58. Bf7 c4 59. Ke3 Rd1 60. Ke2 Ra1 61.
Kd2 Ra3 62. Kc2 Rg3 63. Kb2 Ke5 64. Be6 Kd4 65. Bf7 c3+ 66. Kb3 Rg2 67. g7 Rxg7 68. Bh5 Rg1 69. Bf3 Re1 70. Bh5 Kd3 71. Bg6+ Kd2 72.
Kb4 c2 73. Bxc2 Kxc2 74. Kb5 Rh1 75. Kc6 Rh6 76. Kb5 Kd3 77. Kb4 Ke4 78. Kb5 Kxd5 79. Ka5 Ke5 80. Kb4 Rh5 81. Kc3 Rh4 82. Kd2 Rd4+ 83.
Ke2 Ke4 84. Ke1 Rd3 85. Kf1 Kf3 86. Ke1 d5 87. Kf1 Rd1# 0-1

[Event "Late-Titled-Tuesday-Blitz-April-30-2024"]
[Site "Chess.com"]
[Date "2024.04.30"]
[Round "8"]
[White "Mikhail_Golubev"]
[Black "H3nriqueTV"]
[Result "1-0"]
[WhiteElo "2601"]
[BlackElo "2420"]
[TimeControl "180+1"]
[EndTime "15:29:30 PDT"]
[Termination "Mikhail_Golubev won by resignation"]

1. e4 c5 2. Nf3 b6 3. d4 cxd4 4. Nxd4 Bb7 5. Nc3 a6 6. Bd3 e6 7. O-O Qc7 8. Qe2 Be7 9. f4 Bc5 10. Be3 Nc6 11. Nb3 Bxe3+ 12. Qxe3 Nf6 13. e5 Ng4 14.
Qg3 h5 15. h3 Nh6 16. Qxg7 O-O-O 17. Qg3 Rdg8 18. Qf2 Nf5 19. Bxf5 exf5 20. Nd5 Qd8 21. Nxb6+ Kb8 22. Nc5 Nxe5 23. Nxb7 Nf3+ 24. Kh1 Kxb7 25. Rad1 d6 26. Nc4 Nh4 27. Rxd6 Qc7 28. Qxh4 Qxc4 29. Qe7+ Kc8 30. Rfd1 Qc7 31. Qxc7+ Kxc7 32. Rd7+ Kc6 33. Rxf7 Rg3 34. Rxf5 Rhg8 35. Rd2 h4 36. Rh5 Re3 37. Rxh4 Re1+ 38. Kh2 Rb1 39. c3 Re8 40. f5 Ree1 41.
Rc4+ Kb5 42. Rb4+ Kc5 43. Kg3 Re5 44. Rf2 Rbe1 45. f6 Rg5+ 46. Kh2 Re8 47. f7 Rf8 48. Rbf4 Rg7 49. R4f3 Kd6 50. b3 Ke7 51. c4 Rg6 52. h4 Rg4 53. g3 Re4 54. Kh3 Re6 55.
Rf4 Re3 56. h5 Re5 57. Kh4 Re1 58. g4 Rh1+ 59. Kg5 Re1 60. Rf5 Re6 61. Kh4 Re1 62. R5f3 Rh1+ 63. Rh3 Re1 64. g5 Re4+ 65. Kg3 Rxf7 66.
Rxf7+ Kxf7 67. h6 Re8 68. h7 Rh8 69. Kg4 Kg7 70. Rh6 a5 71. c5 a4 72. bxa4 Kf7 73. c6 Kg7 74. c7 Rxh7 75. Rxh7+ Kxh7 76. c8=Q 1-0

[Event "Late-Titled-Tuesday-Blitz-April-30-2024"]
[Site "Chess.com"]
[Date "2024.04.30"]
[Round "8"]
[White "AryanTari"]
[Black "Revan_2002"]
[Result "1/2-1/2"]
[WhiteElo "2996"]
[BlackElo "2772"]
[TimeControl "180+1"]
[EndTime "15:29:35 PDT"]
[Termination "Game drawn - insufficient material"]

1. e4 e5 2. Nf3 Nc6 3. d4 exd4 4. Nxd4 Bc5 5. Nxc6 Qf6 6. Qf3 bxc6 7. Nd2 Qxf3 8. gxf3 Ne7 9. Nb3 Bb6 10. a4 a5 11. Bd2 d5 12. c4 dxc4 13. Bxc4 O-O 14.
Bc3 Be6 15. Nd2 Bxc4 16. Nxc4 Ng6 17. O-O-O Bxf2 18. Rd7 Nh4 19. Rxc7 c5 20. Rf1 Bd4 21. Bxa5 Rfb8 22. Kc2 Ng2 23. Rb1 Ne3+ 24. Nxe3 Rxa5 25. Nf5 Rxa4 26. b4 Be5 27. Rxc5 Bxh2 28. Rc4 g6 29. Ne7+ Kg7 30. Nc6 Ra2+ 31. Kb3 Rba8 32. Na5 Rf2 33. Rc3 Be5 34. Rd3 h5 35. Rh1 Bg3 36. Nc4 h4 37. b5 Rb8 38. b6 g5 39. Kb4 Kg6 40. Kc5 f5 41. Kc6 fxe4 42. fxe4 Bf4 43. b7 Rc2 44. Rd4 Be3 45. Kd5 Bxd4 46. Kxd4 Rxb7 47. Ne5+ Kh5 48. Rf1 Rd2+ 49. Ke3 Rd8 50. Nc6 Re8 51.
e5 h3 52. Ke4 h2 53. Nd4 g4 54. Rh1 g3 55. Kf3 Rxe5 56. Kxg3 Rg7+ 57. Kxh2 Re4 58.
Nf3 Re2+ 59. Kh3 Re3 60. Rf1 Rg6 61. Rf2 Rg7 62. Rf1 Rg6 63. Rf2 Rg8 64. Rf1 Kh6 65. Rf2 Rg5 66. Rf1 Rg6 67. Rf2 Re4 68. Nh2 Kh5 69. Rf5+ Kh6 70. Rf3 Kg7 71. Rg3 Rxg3+ 72. Kxg3 Rb4 73. Nf3 Kg6 74. Kf2 Kf5 75. Ke3 Rb3+ 76.
Ke2 Kf4 77. Nd2 Re3+ 78. Kf2 Rh3 79. Ke2 Rh2+ 80. Kd3 Rxd2+ 81. Kxd2 1/2-1/2

[Event "Late-Titled-Tuesday-Blitz-April-30-2024"]
[Site "Chess.com"]
[Date "2024.04.30"]
[Round "8"]
[White "ALBERT_KLOC"]
[Black "Walter_White_Poland"]
[Result "1/2-1/2"]
[WhiteElo "2478"]
[BlackElo "2370"]
[TimeControl "180+1"]
[EndTime "15:29:47 PDT"]
[Termination "Game drawn - insufficient material"]

1. c4 c5 2. g3 Nc6 3. Bg2 g6 4.
Nc3 Bg7 5. e4 e5 6. Nge2 d6 7. d3 Nge7 8. a3 a6 9. Rb1 Rb8 10. b4 cxb4 11. axb4 b5 12. cxb5 axb5 13. Bg5 h6 14. Bxe7 Nxe7 15. O-O O-O 16. d4 Be6 17. d5 Bd7 18. Qd3 f5 19. f3 f4 20. Ra1 g5 21.
g4 Qb6+ 22. Kh1 Ng6 23. Rfc1 Nh4 24. Bf1 Qf2 25. Ng1 Rfc8 26. Nd1 Qd4 27. h3 Qxb4 28. Ne2 Rc4 29. Rab1 Rd4 30. Nxd4 Qxd4 31. Qxd4 exd4 32. Rb3 Kf8 33. Kg1 Ke7 34. Kf2 Kd8 35. Bd3 Ra8 36. Rcb1 Ra2+ 37. R3b2 Ra3 38. Rb3 Ra2+ 39. R1b2 Ra1 40.
Ke2 Ng2 41. Rb1 Ra2+ 42. R3b2 Ra3 43. Rc2 Ne3 44. Nxe3 dxe3 45. Bxb5 Bxb5+ 46. Rxb5 Ra1 47. Rb8+ Ke7 48. Rb7+ Kf6 49. Rd7 Rh1 50. Rxd6+ Ke5 51. Re6+ Kd4 52. Rec6 Rh2+ 53. Kf1 Rh1+ 54. Kg2 Rd1 55.
R6c4+ Kd3 56. d6 Bf6 57. d7 e2 58. Rxe2 Kxe2 59. Rc6 Bd8 60. Rxh6 Rxd7 61. h4 Ke3 62. hxg5 Rd2+ 63. Kh3 Bxg5 64. Rg6 Be7 65. Re6 Bc5 66. g5 Kxf3 67. g6 Bg1 68. Kh4 Rh2+ 69. Kg5 Rg2+ 70.
Kf5 Bd4 71. e5 Ke3 72. Rd6 f3 73. Ra6 f2 74. Ra3+ Kd2 75. Ra2+ Ke1 76. Rxf2 Rxf2+ 77. Ke6 Re2 78. Kf7 Rxe5 79. g7 Rf5+ 80. Kg6 Rf2 81. g8=Q Rg2+ 82. Kf7 Rxg8 83. Kxg8 1/2-1/2

[Event "Late-Titled-Tuesday-Blitz-April-30-2024"]
[Site "Chess.com"]
[Date "2024.04.30"]
[Round "8"]
[White "tgpgoat"]
[Black "Oleg_Papayan"]
[Result "1/2-1/2"]
[WhiteElo "2472"]
[BlackElo "2636"]
[TimeControl "180+1"]
[EndTime "15:29:48 PDT"]
[Termination "Game drawn - insufficient material"]

1. Nf3 Nf6 2. b3 d5 3. Bb2 Bf5 4. e3 e6 5. Be2 h6 6. O-O Be7 7.
c4 c6 8. Nc3 O-O 9. Rc1 Nbd7 10. d4 Bh7 11. Ne5 Ne4 12. Nxe4 Bxe4 13. Nxd7 Qxd7 14.
Bd3 Bxd3 15. Qxd3 Bf6 16. e4 dxe4 17. Qxe4 Rad8 18. Rcd1 g6 19. Qe2 Qc7 20. Rd3 Rd7 21.
Rfd1 Rfd8 22. Bc1 Bg7 23. Be3 h5 24. h3 Qa5 25. Qd2 Qxd2 26. R3xd2 Kf8 27. Kf1 Ke7 28. Ke2 b6 29. a4 e5 30. d5 cxd5 31. cxd5 Rc8 32.
Ra1 Rc3 33. a5 Rxb3 34. axb6 axb6 35. Ra8 Rb5 36. Rg8 Bf6 37. Rc2 Rbxd5 38. Bxb6 Ke6 39. Be3 Kf5 40. Rgc8 h4 41. R8c4 g5 42. Rc6 R7d6 43.
Rc7 Rd7 44. R7c6 R5d6 45. R6c5 Kg6 46. Ra5 Bg7 47. Rc8 f5 48. Rcc5 f4 49. Bc1 Bf6 50.
Rc2 e4 51. Bb2 Bxb2 52. Rxb2 Rd5 53. Ra4 Kf5 54. Ra8 R7d6 55. Rf8+ Rf6 56. Re8 Re5 57.
Rxe5+ Kxe5 58. Rb5+ Kd4 59. Rxg5 f3+ 60. gxf3 Rxf3 61.
Rg8 Rxh3 62. Rd8+ Ke5 63. Rh8 Rh1 64. Rh7 h3 65. Rh8 Kd5 66. Rh5+ Kd4 67. Rh4 Ke5 68.
Rh5+ Kf4 69. Rh8 Rh2 70. Rh4+ Kf5 71. Rh8 Kf4 72. Rh4+ Ke5 73. Rh8 Rh1 74. Rh4 Kf5 75. Rh8 h2 76. Rh7 Kg6 77. Rh8 Kf5 78. Rh5+ Kg6 79.
Rh8 e3 80. Rh3 Ra1 81. Rxh2 exf2 82. Kxf2 Ra2+ 83. Kg3 Rxh2 84. Kxh2 1/2-1/2

[Event "Late-Titled-Tuesday-Blitz-April-30-2024"]
[Site "Chess.com"]
[Date "2024.04.30"]
[Round "8"]
[White "ArrestingPieces"]
[Black "WildTricks"]
[Result "1-0"]
[WhiteElo "2537"]
[BlackElo "2676"]
[TimeControl "180+1"]
[EndTime "15:29:53 PDT"]
[Termination "ArrestingPieces won on time"]

1. e4 c5 2. c3 d5 3. exd5 Qxd5 4. d4 Nf6 5. Nf3 Bg4 6. Be2 cxd4 7. cxd4 e6 8. h3 Bh5 9. O-O Nc6 10. Nc3 Qa5 11. a3 Be7 12. b4 Bxb4 13. axb4 Qxa1 14. Qd2 Nxb4 15. Nb5 Qa5 16. Ba3 Nfd5 17. Rb1 O-O 18. Bxb4 Nxb4 19. Qxb4 Qxb4 20. Rxb4 Rfd8 21. Nc3 Rac8 22.
Ne4 b6 23. Ba6 Rc1+ 24. Kh2 Bxf3 25. gxf3 h6 26. Kg3 Rd1 27. Rc4 R1xd4 28. Rc7 R4d7 29. Rc6 Kf8 30. Nc3 Ke7 31. Nb5 f5 32. Bc8 Rd5 33.
Rc7+ Kf6 34. Nxa7 Rc5 35. Rb7 Rcxc8 36. Nxc8 Rxc8 37. Rxb6 Rc1 38. Rb7 Rg1+ 39. Kh2 Rd1 40. Rb3 Rd4 41. Kg2 Kg5 42. Kg3 h5 43. Kg2 h4 44. Rb7 g6 45. Rb6 Kf6 46. Ra6 Rd2 47. Ra5 Rc2 48. Rb5 Rc4 49. Ra5 Rc6 50. Rb5 Kg5 51. Ra5 Rd6 52. Ra4 e5 53. Ra5 Re6 54. Ra4 e4 55. fxe4 fxe4 56. Ra5+ Kf4 57. Ra8 Rf6 58. Rh8 Kg5 59. Re8 Kf4 60. Rh8 g5 61. Rg8 Rf5 62. Rg7 Ke5 63. Rg8 Kd4 64. Rd8+ Rd5 65. Rg8 Kd3 66. Re8 Rd4 67. Re5 Ke2 68.
Rxg5 e3 69. Re5 Rd3 70. Re4 Kd2 71. fxe3 Rxe3 72. Rxh4 1-0

[Event "Late-Titled-Tuesday-Blitz-April-30-2024"]
[Site "Chess.com"]
[Date "2024.04.30"]
[Round "8"]
[White "igorknyazev"]
[Black "Dr_Pepper18"]
[Result "0-1"]
[WhiteElo "2241"]
[BlackElo "2479"]
[TimeControl "180+1"]
[EndTime "15:29:54 PDT"]
[Termination "Dr_Pepper18 won by resignation"]

1. e4 e6 2. d4 d5 3. exd5 exd5 4.
Bd3 Nc6 5. Nf3 Nb4 6. Bb5+ c6 7. Be2 Bf5 8. Na3 Na6 9. O-O Nc7 10. Re1 Bxa3 11. bxa3 Ne7 12. Nh4 Be6 13. Bf4 Nc8 14. Bd3 Qxh4 15. Bxc7 O-O 16. Rb1 b6 17. Re3 Ne7 18. Rg3 Ng6 19. c3 Qe7 20. Bxg6 hxg6 21. Bf4 Bf5 22. Rb3 Rfe8 23. h3 Qe1+ 24. Qxe1 Rxe1+ 25. Kh2 Re2 26. Be3 Rxa2 27. h4 Bc2 28. Rb4 Rxa3 29.
h5 gxh5 30. Bh6 Bg6 31. Bf4 Re8 32. Be5 h4 33. Rg4 Rxc3 34. Rxh4 Rc4 35. Rb3 Rxe5 36. Rbh3 Rh5 37. Rxh5 Bxh5 38. Rxh5 Rxd4 39. Re5 Rc4 40.
Re8+ Kh7 41. Re7 a5 42. Rxf7 a4 43. Ra7 b5 44. Kg3 d4 45. f4 Rc3+ 46. Kf2 a3 47. Ke2 b4 48. g4 c5 49. f5 Kh6 50. Ra6+ Kh7 51. Ra7 Kg8 52. g5 b3 53. g6 Kf8 54. Rxa3 Re3+ 55. Kd2 Ke7 56. Ra7+ Kf6 57. Rf7+ Kg5 58. Rxg7 b2 59. Rb7 c4 60. g7 c3+ 61.
Kc2 Re8 62. Rb5 Kf6 63. Rb7 Kxf5 64. Rf7+ Kg6 65. Rf8 Re2+ 66. Kd3 Kxg7 67. Rc8 Rd2+ 68. Ke4 b1=Q+ 69. Kd5 Qd3 70. Rc7+ Kf6 71. Rc6+ Kg5 72. Rc5 Kf4 73. Kd6 Ke3 74. Rd5 Ke2 75. Ke5 Kd1 76.
Rxd4 Kc2 77. Rxd3 Rxd3 78. Ke4 Kd2 79. Kf4 c2 80. Ke4 c1=Q 81. Kf4 Qc4+ 0-1

[Event "Late-Titled-Tuesday-Blitz-April-30-2024"]
[Site "Chess.com"]
[Date "2024.04.30"]
[Round "8"]
[White "Jakhongir-Vakhidov"]
[Black "rasmussvane"]
[Result "1-0"]
[WhiteElo "2760"]
[BlackElo "2936"]
[TimeControl "180+1"]
[EndTime "15:29:58 PDT"]
[Termination "Jakhongir-Vakhidov won by checkmate"]

1. c4 e6 2. Nc3 d5 3. d4 h6 4. Nf3 Nf6 5. Bf4 Bd6 6. Bxd6 Qxd6 7. c5 Qe7 8. e3 O-O 9. Be2 Nc6 10. Bb5 Bd7 11.
O-O Rfd8 12. Re1 b6 13. Bxc6 Bxc6 14. Ne5 Be8 15. c6 a6 16. Rc1 Rd6 17. Nb1 Nh7 18. Qa4 f6 19. Nd3 Ng5 20. Nd2 a5 21. b4 Qd8 22. b5 Qe7 23. f4 Ne4 24. Nxe4 dxe4 25. Nf2 f5 26. Qa3 Kh7 27. Qb2 a4 28.
Nd1 Rdd8 29. Nc3 a3 30. Qf2 g5 31. fxg5 Qxg5 32. Ne2 e5 33. dxe5 Rd2 34. e6 Bh5 35. Rcd1 Rad8 36. Rxd2 Rxd2 37. h4 Qf6 38. e7 Rxa2 39.
Qf4 Qxe7 40. Qxf5+ Bg6 41. Qg4 Rd2 42. h5 Bf7 43.
Qf5+ Kg7 44. Nf4 a2 45. Rf1 Qg5 46. Qc8 Rb2 47. Qxc7 Qf5 48. Qd6 Rb1 49. Qd4+ Kh7 50. c7 Qxb5 51. Kh2 Qxf1 52. Qf6 Qh1+ 53. Kg3 Qe1+ 54.
Kh2 a1=Q 55. Qxf7+ Qg7 56. Qxg7+ Kxg7 57. c8=Q Qh4+ 58.
Nh3 Qxh5 59. Qd7+ Qf7 60. Qg4+ Qg6 61. Qd7+ Qf7 62. Qg4+ Kh8 63. Nf4 Rc1 64. Qc8+ Kh7 65. Qg4 Rc5 66. Qh4 Rg5 67. Qe1 b5 68. Qb4 Qd7 69.
Qxe4+ Qf5 70. Qb7+ Rg7 71. Qf3 Qe5 72. Qd1 Qe4 73. Qd2 b4 74. Nd5 b3 75. Nf6+ Kh8 76.
Nxe4 Re7 77. Qb2+ Kg8 78. Qxb3+ Kg7 79. Qd5 Rf7 80. Nd6 Rf6 81. Ne8+ Kg6 82. Nxf6 Kxf6 83. e4 h5 84. Qf5+ Kg7 85. Kg3 Kh6 86. Kh4 Kg7 87. Kg5 Kh8 88. Qd7 h4 89. Kg6 h3 90.
Qc8# 1-0

[Event "Late-Titled-Tuesday-Blitz-April-30-2024"]
[Site "Chess.com"]
[Date "2024.04.30"]
[Round "8"]
[White "yaguigor"]
[Black "ExchangeAB"]
[Result "1/2-1/2"]
[WhiteElo "2552"]
[BlackElo "2460"]
[TimeControl "180+1"]
[EndTime "15:30:01 PDT"]
[Termination "Game drawn - insufficient material"]

1. e4 c6 2. d4 d5 3. Nc3 dxe4 4. Nxe4 Nf6 5. Nxf6+ exf6 6. c3 Bd6 7. Bd3 O-O 8. Qc2 Re8+ 9. Ne2 h6 10. Be3 Nd7 11.
O-O-O Nf8 12. Kb1 a5 13. c4 a4 14. a3 Bd7 15. c5 Bc7 16. Nc3 b5 17. cxb6 Bxb6 18. Nxa4 Re6 19. Nxb6 Qxb6 20. d5 Rxe3 21. fxe3 cxd5 22. Qc3 Ne6 23. Bf5 Bc6 24. Rc1 Bb7 25. Qb4 Qxb4 26. axb4 Ra4 27. b5 Rb4 28. Bxe6 fxe6 29.
Rc5 d4 30. exd4 Bxg2 31. Rd1 f5 32. Kc2 Bd5 33. Ra1 Kf7 34. Ra7+ Kf6 35. h4 g5 36.
h5 g4 37. Ra6 Kg5 38. Kc3 Rb3+ 39. Kc2 Rb4 40. b6 g3 41. Kc3 Rb3+ 42. Kc2 g2 43. Ra1 Rxb6 44. Rg1 Be4+ 45. Kc3 Kxh5 46. Re5 Kg4 47.
Rxe4+ fxe4 48. Rxg2+ Kf3 49. Rh2 Rc6+ 50. Kd2 e3+ 51. Kd3 e5 52. Rh3+ Kf4 53. Rxe3 exd4 54. Re4+ Kf3 55. Rxd4 h5 56. Rh4 Rc5 57. b4 Rb5 58.
Kc4 Rg5 59. b5 Kg3 60. Rd4 h4 61. b6 Rg8 62. Rd1 Kg2 63. Rd2+ Kg3 64. Rd1 Kg2 65. Rd2+ Kg3 66. Rd7 h3 67. b7 h2 68. Rg7+ Rxg7 69. b8=Q+ Kg2 70. Qa8+ Kg1 71. Qa1+ Kg2 72. Qxg7+ Kh1 73.
Qb7+ Kg1 74. Qb1+ Kg2 75. Qe4+ Kg1 76. Qg4+ Kh1 77. Qf3+ Kg1 78. Qg3+ Kh1 79. Qe1+ Kg2 80. Qe2+ Kg1 81. Qe3+ Kg2 82. Qg5+ Kh1 83. Qf4 Kg2 84. Qg4+ Kh1 85. Qh3 Kg1 86. Qg3+ Kh1 87. Qxh2+ Kxh2 1/2-1/2

[Event "Late-Titled-Tuesday-Blitz-April-30-2024"]
[Site "Chess.com"]
[Date "2024.04.30"]
[Round "8"]
[White "kemelgallo"]
[Black "MyDream003"]
[Result "1-0"]
[WhiteElo "2629"]
[BlackElo "2825"]
[TimeControl "180+1"]
[EndTime "15:30:12 PDT"]
[Termination "kemelgallo won on time"]

1. e4 c6 2. Nf3 d5 3. Nc3 Bg4 4. h3 Bxf3 5. Qxf3 e6 6. g3 g6 7.
Bg2 Bg7 8. O-O Ne7 9. Re1 Nd7 10. d3 O-O 11. Bg5 Re8 12. Rad1 a5 13. d4 h6 14. Bc1 Qb6 15. e5 c5 16. Na4 Qc7 17. c3 b5 18.
Nxc5 Nxc5 19. dxc5 Qxc5 20. h4 h5 21. Bg5 Nf5 22. Bh3 Nh6 23. Qf4 Nf5 24. Bxf5 exf5 25. Bf6 Ra6 26. Bxg7 Kxg7 27. Qd4 Qc8 28. Qxd5 Qb8 29.
f4 Rb6 30. Qd4 Kg8 31. Qf2 Rc6 32. Rd4 Qc8 33. Red1 b4 34. cxb4 axb4 35. Kh2 Qa8 36. Rxb4 Qxa2 37. Rd2 Qb1 38. Rbd4 Rcc8 39. Rd1 Qa2 40.
R4d2 Qb3 41. Qe2 Rb8 42. Kh3 Qb7 43. Kh2 Kg7 44. Qg2 Qb3 45. Qc6 Re6 46. Qc7 Rb7 47. Qd8 Rb8 48. Qc7 Rbe8 49. Kh3 Rf8 50. Qc3 Qb7 51. Qe3 Rfe8 52. Qf2 R6e7 53. Rd6 Kh7 54. R1d2 Rc7 55. Qg2 Qa7 56. Qd5 Ree7 57. e6 fxe6 58.
Rxe6 Red7 59. Rd6 Rg7 60. Qg2 Rce7 61. R6d3 Qc7 62. b4 Qb6 63. Rb2 Rc7 64. Rd1 Rc3 65. b5 Qb8 66. b6 Qxf4 67. b7 Qb8 68. Rd4 f4 69. Rxf4 Qxf4 70. b8=Q Qf5+ 71. Kh2 Rf7 72. Qf4 Qe6 73. Qfe4 Qf6 74. Re2 Qd6 75. Qe5 Qd7 76. Qxc3 Qd6 77. Qe5 1-0

[Event "Late-Titled-Tuesday-Blitz-April-30-2024"]
[Site "Chess.com"]
[Date "2024.04.30"]
[Round "8"]
[White "LyonBeast"]
[Black "MITerryble"]
[Result "1/2-1/2"]
[WhiteElo "3128"]
[BlackElo "3040"]
[TimeControl "180+1"]
[EndTime "15:30:15 PDT"]
[Termination "Game drawn - insufficient material"]

1. e4 e6 2. Qe2 c5 3. Nf3 Nc6 4. g3 g6 5. c3 Bg7 6. Bg2 Nge7 7.
O-O O-O 8. d3 d6 9. h4 h6 10.
Nbd2 Rb8 11. Nh2 b5 12. a3 a5 13. Ndf3 e5 14. h5 g5 15. g4 Qb6 16. Ne1 Nd8 17. Be3 Ne6 18. b4 Qc7 19. Qd2 Nf4 20. Bf3 Be6 21. Ng2 Rfc8 22. Rfc1 Ra8 23. Ne1 Qd7 24.
bxa5 Rxa5 25. d4 Qc7 26. d5 Bd7 27. Nf1 Rca8 28. Bd1 Rxa3 29. Rxa3 Rxa3 30. Ng3 Qa5 31.
Nd3 Ra2 32. Rc2 Ra1 33. Rc1 Nc8 34. Qb2 Ra2 35. Qb1 Nb6 36. Nb2 Ra3 37. Bd2 Qa8 38. Kh2 c4 39. Nf1 Qc8 40. Ne3 Qc5 41. Kg3 Nc8 42. Bf3 Ne7 43. Qc2 Kh8 44. Rb1 Ng8 45.
Qd1 Nf6 46. Ra1 Qa7 47. Rxa3 Qxa3 48. Qb1 Bf8 49. Nbd1 Nd3 50. Nc2 Qa7 51. Be3 Qa5 52.
Nb4 Nf4 53. Qa2 Qxa2 54. Nxa2 Be7 55. Nb4 Kg7 56. Nc6 Kf8 57. Nb4 Ke8 58. Ba7 Bd8 59. Bb8 Be7 60. Ne3 Kd8 61. Nc6+ Bxc6 62. dxc6 Kc8 63.
Nf5 Kxb8 64. Nxe7 Kc7 65. Nf5 Ng8 66. Bd1 Kxc6 67. Kf3 Kc5 68. Ke3 Ne6 69. Kd2 Nc7 70.
Ne3 Ne7 71. f3 d5 72. exd5 Ncxd5 73. Nf1 Nf6 74. Ng3 Kd5 75. Bc2 Kd6 76. Be4 Kc5 77.
Bb7 b4 78. cxb4+ Kxb4 79. Kc2 Kc5 80. Ba8 Kd4 81. Kd2 c3+ 82. Kc2 Nfd5 83. Bxd5 Nxd5 84. Nf5+ Kc4 85. Nd6+ Kb4 86. Nxf7 Ne3+ 87. Kc1 e4 88. fxe4 Nxg4 89. e5 Kc5 90. e6 Kc6 91. Kc2 Nf6 92. Kxc3 Nxh5 93. Kd4 Ng7 94. Nxh6 Nxe6+ 95. Ke5 Nc5 96. Kf5 Kd5 97. Kxg5 1/2-1/2